 Dungeon Crawl Stone Soup version 0.30.0-30-g96aa6591b8 (webtiles) character file.

Game seed: 4502841420961782305

630 cheesebisquit the Magician (level 7, 0/53 HPs)
             Began as a Djinni Ice Elementalist on June 29, 2023.
             Was a Follower of Makhleb.
             Slain by Maggie
             ... wielding a +1 glaive of flaming
              (14 damage)
             ... on level 6 of the Dungeon.
             The game lasted 00:22:17 (4802 turns).

cheesebisquit the Magician (DjIE)                   Turns: 4802, Time: 00:22:17

Health: 0/53       AC: 11    Str:  7    XL:     7   Next: 77%
Gold:   316        EV: 12    Int: 19    God:    Makhleb [*.....] SH:  0 Dex: 13

rFire   + + +        i - +1 dagger (venom)
rCold   . . .        (no shield)
rNeg    . . .        n - +0 robe {rC+ rF+}
rPois   ∞            s - +2 hat
rElec   .            (no cloak)
rCorr   .            (no gloves)
SInv    +            (boots unavailable)
Will    .....        (no amulet)
Stlth   ++           m - ring of protection from fire
HPRegen 0.28/turn    A - ring of see invisible
MPRegen 0.00/turn

%: infuse magic (-1 HP)
@: ice-armoured, flying, mesmerised
A: sickness immunity, fire resistance 2, cold vulnerability 1, float, innate
caster, HP casting, extra vitality 1
a: Renounce Religion


You were on level 6 of the Dungeon.
You worshipped Makhleb.
Makhleb was aware of your devotion.
You visited 2 branches of the dungeon, and saw 7 of its levels.

You collected 316 gold pieces.

Inventory:

Hand Weapons
 d - a +0 sling
 i - a +1 dagger of venom (weapon)
Armour
 n - a +0 robe of resistance (worn)
 r - the +0 ring mail of Inference {Regen+ Dex+4 Slay+2}
   (You found it on level 3 of the Dungeon)

   Dex:       It affects your dexterity (+4).
   Slay:      It affects your accuracy & damage with ranged weapons and melee
   (+2).
   Regen:     It increases your rate of health regeneration.
 s - a +2 hat (worn)
Magical Staves
 j - a staff of air
Jewellery
 m - a ring of protection from fire (left hand)
 A - a ring of see invisible (right hand)
Wands
 p - a wand of flame (1)
 y - a wand of light (5)
 B - a wand of paralysis (9)
Scrolls
 a - a scroll of teleportation {unknown}
 b - a scroll of enchant armour {unknown}
 k - 2 scrolls of fear
 u - 2 scrolls of poison
 v - a scroll of fog {unknown}
 x - a scroll of immolation {unknown}
 z - a scroll of noise {unknown}
Potions
 c - a potion of haste {unknown}
 e - 5 potions of brilliance
 f - a potion of degeneration {unknown}
 g - 2 potions of mutation
 h - a potion of magic {unknown}
 o - 4 potions of might
 q - a potion of attraction
 t - 2 potions of lignification {unknown}
 w - a potion of cancellation {unknown}


   Skills:
 + Level 4.6 Fighting
 + Level 3.3 Armour
 - Level 2.1 Dodging
 - Level 1.5 Stealth
 + Level 5.0 Spellcasting


You knew the following spells:

 Your Spells              Type           Power      Damage    Failure   Level
a - Freeze                Ice            92%        1d9       1%          1
b - Frozen Ramparts       Ice            46%        1d7       4%          3
c - Ozocubu's Armour      Ice            23%        N/A       4%          3
d - Summon Ice Beast      Ice/Summ       23%        N/A       16%         4
e - Shock                 Conj/Air       92%        1d8       1%          1
f - Blink                 Tloc           46%        N/A       2%          2
g - Ignite Poison         Fire/Tmut/Pois 23%        N/A       4%          3
Your spell library was empty.

Dungeon Overview and Level Annotations

Branches:
Dungeon (6/15)             Temple (1/1) D:4

Altars:
Ashenzari
Cheibriados
Dithmenos
Elyvilon
Fedhas
Hepliaklqana
Makhleb
Nemelex Xobeh
Qazlal
Ru
Trog
Uskayaw
Wu Jian
Xom
Yredelemnul

Annotations:
D:5 1 exclusion, Menkaure
D:6 Maggie


Innate Abilities, Weirdness & Mutations

You are immune to sickness and miasma.
You are immune to poison.
Your flesh is very heat resistant. (rF++)
You are vulnerable to cold. (rC-)
You float through the air rather than walking.
You learn spells naturally, not from books.
Your magical power is your life essence.
You have superior vitality. (+4 MHP)


Message History

Maggie is lightly wounded.
The zap hits Maggie!
Maggie is lightly wounded.
The zap misses Maggie.
The zap hits Maggie.
Maggie is lightly wounded.
Casting: Shock (safe; 1% risk of failure)
Confirm with . or Enter, or press ? or * to list all spells.
A chill wind blows around you.
Maggie hits you from afar with a +1 glaive of flaming!
The heat melts your icy armour.
Your icy armour will break if you move.
Continue?
Your icy armour cracks and falls away as you move.
Maggie closely misses you.
Casting: Summon Ice Beast (quite dangerous; 16% risk of failure)
Confirm with . or Enter, or press ? or * to list all spells.
A film of ice covers your body!
* * * LOW HITPOINT WARNING * * *
Maggie barely misses you.
You hit Maggie but do no damage.
Maggie is poisoned.
Maggie is lightly wounded.
Maggie gestures at you while chanting. The bolt of fire hits you. You resist.
* * * LOW HITPOINT WARNING * * *
Your ice beast hits Maggie but does no damage.
The heat melts your icy armour.
You hit Maggie.
Maggie is moderately wounded.
Maggie hits you with a +1 glaive of flaming.
* * * LOW HITPOINT WARNING * * *
Your ice beast closely misses Maggie.
The heat melts your icy armour.
You feel better.
Maggie mumbles some strange words.
Maggie draws you further into her thrall.
Your ice beast hits Maggie.
Your ice beast freezes Maggie!
You hit Maggie.
Maggie is heavily wounded.
Maggie hits you with a +1 glaive of flaming!
You die...

#######
##.....###
#........###
##..........#
#.......)....
##..<.<.......
#....@........
#...@Y........
#........).)..
#......†.......
#..............
#..............
#..............
..............


You could see Maggie (mesmerising, very poisoned, ally target) and a friendly
ice beast (summoned).

Vanquished Creatures
  Edmund (D:5)
  2 scorpions
  2 hounds
  An orc priest (D:6)
  An iguana (D:5)
  A sleepcap (D:5)
  Ijyb (D:5)
  Natasha (thrice) (D:3)
  2 orc wizards (D:5)
  A gnoll (D:5)
  An adder (D:3)
  A shadow imp (D:3)
  2 white imps
  4 worms
  2 dart slugs (D:1)
  4 orcs
  4 ball pythons
  4 endoplasms
  2 giant cockroaches
  3 goblins
  7 hobgoblins
  7 jackals
  2 quokkas
  A bat (D:2)
  3 frilled lizards
  9 kobolds
  5 rats
76 creatures vanquished.

Notes
Turn   | Place    | Note
-------+----------+-------------------------------------------
     0 | D:1      | cheesebisquit the Djinni Ice Elementalist began the quest
                  | for the Orb.
     0 | D:1      | cheesebisquit set off with the following spells memorised:
                  | Freeze, Frozen Ramparts, Ozocubu's Armour, Summon Ice
                  | Beast.
     0 | D:1      | Reached XP level 1. HP: 15/15 MP: 0/0
    92 | D:1      | Reached XP level 2. HP: 18/22 MP: 0/0
   129 | D:1      | Reached skill level 1 in Fighting
   267 | D:1      | Reached XP level 3. HP: 27/27 MP: 0/0
   267 | D:1      | Learned a level 1 spell: Shock
  1534 | D:2      | Reached XP level 4. HP: 26/33 MP: 0/0
  1719 | D:3      | Noticed a scorpion
  1725 | D:3      | Killed a scorpion
  1726 | D:3      | Reached skill level 4 in Spellcasting
  1726 | D:3      | Reached XP level 5. HP: 27/40 MP: 0/0
  1726 | D:3      | Learned a level 2 spell: Blink
  1786 | D:3      | Found a burning altar of Makhleb.
  1794 | D:3      | Became a worshipper of Makhleb the Destroyer
  1899 | D:3      | Identified the +0 ring mail of Inference {Regen+ Dex+4
                  | Slay+2}
  2013 | D:3      | Noticed Natasha
  2022 | D:3      | Killed Natasha
  2221 | D:3      | Noticed Natasha
  2225 | D:3      | Killed Natasha
  2226 | D:3      | Reached skill level 1 in Armour
  2387 | D:3      | Noticed Natasha
  2397 | D:3      | Killed Natasha
  2398 | D:3      | Reached XP level 6. HP: 30/46 MP: 0/0
  2715 | D:4      | Found a snail-covered altar of Cheibriados.
  2720 | D:4      | Found a blossoming altar of Fedhas.
  2911 | D:4      | Found a staircase to the Ecumenical Temple.
  2943 | Temple   | Entered the Ecumenical Temple
  3429 | D:5      | Entered Level 5 of the Dungeon
  3429 | D:5      | Noticed Menkaure
  3864 | D:5      | Noticed Edmund
  3874 | D:5      | Killed Edmund
  3875 | D:5      | Reached XP level 7. HP: 48/52 MP: 0/0
  3875 | D:5      | Learned a level 3 spell: Ignite Poison
  3896 | D:6      | Noticed Maggie
  4394 | D:5      | Noticed Ijyb
  4398 | D:5      | Paralysed by Ijyb for 2 turns
  4400 | D:5      | Killed Ijyb
  4726 | D:6      | Noticed a steam dragon
  4767 | D:6      | Reached skill level 5 in Spellcasting
  4776 | D:6      | Reached * piety under Makhleb
  4802 | D:6      | Slain by Maggie

Illustrated notes

Levels and vault maps discovered:
D:1:      amcnicky_arrival_blooded_trapdoor, layout_basic, minmay_cupped
D:2:      layout_basic, basic_altar
D:3:      layout_loops_ring, nicolae_overflow_crystal_walls, uniq_natasha
D:4:      layout_cave_pools, minitemple, minmay_temple_entry_slanted
D:5:      layout_basic, led_sif_book, grunt_temple_overflow_diamond,
          uniq_edmund, uniq_duvessa, uniq_menkaure, uniq_ijyb
D:6:      layout_cave_pods, uniq_maggie
Temple:   nicolae_temple_bog_church

Skill      XL: |  1  2  3  4  5  6  7 |
---------------+----------------------+-----
Fighting       | 1 2 3 4 |  4.6
Spellcasting   | 4 5 |  5.0
Armour         | 1 2 3 |  3.3
Dodging        | |  2.1
Stealth        | |  1.5

Action                     |  1- 3 |  4- 6 |  7- 9 || total
---------------------------+-------+-------+-------++-------
  Melee: Dagger            |     2 |     5 |    18 ||    25
         Staff             |       |     2 |       ||     2
   Fire: Sling             |    43 |       |       ||    43
   Cast: Freeze            |    26 |    14 |     4 ||    44
         Shock             |    18 |    61 |    32 ||   111
         Frozen Ramparts   |    11 |    11 |     5 ||    27
         Ozocubu's Armour  |     9 |     9 |     6 ||    24
         Summon Ice Beast  |       |       |     1 ||     1
    Use: Scroll            |       |     5 |     1 ||     6
         Potion            |       |     1 |     5 ||     6
 Armour: Robe              |    17 |    11 |     8 ||    36
  Dodge: Dodged            |    21 |     5 |    11 ||    37
